 Dungeon Crawl Stone Soup version 0.27-a0-323-gbd089401bb (webtiles) character file.

Game seed: 5660239980134830479

83 tabyourdongers the Sneak (level 4, -6/44 HPs)
             Began as a Troll Delver on Feb 10, 2021.
             Mangled by a hornet zombie (8 damage)
             ... on level 7 of the Dungeon.
             The game lasted 00:00:20 (198 turns).

tabyourdongers the Sneak (Troll Delver)              Turns: 198, Time: 00:00:20

Health: -6/44      AC:  6    Str: 21    XL:     4   Next: 22%
Magic:  3/3        EV: 10    Int:  6    God:
Gold:   23         SH:  0    Dex: 11    Spells: 3/3 levels left

rFire    . . .     SeeInvis .     - Unarmed
rCold    . . .     Faith    .   (no shield)
rNeg     . . .     Spirit   .   a - +0 robe
rPois    .         Reflect  .   (helmet restricted)
rElec    .         Harm     .   (no cloak)
rCorr    .         Rampage  .   (gloves unavailable)
Will     .....                  (boots unavailable)
Stlth    ++........             (no amulet)
HPRegen  0.54/turn              (no ring)
MPRegen  0.08/turn              (no ring)

@: no status effects
A: large, unfitting armour, claws 3, regeneration 1, shaggy fur 1, tough skin 3
a: no special abilities


You were on level 7 of the Dungeon.
You visited 1 branch of the dungeon, and saw 3 of its levels.

You collected 23 gold pieces.

Inventory:

Armour
 a - a +0 robe (worn)
Wands
 f - a wand of digging (3)
Scrolls
 b - a scroll of fog
 c - a scroll of magic mapping
 d - a scroll of fear
 h - a scroll of blinking {unknown}
Potions
 e - a potion of haste
 g - a potion of curing {unknown}


   Skills:
 + Level 2.7 Fighting
 + Level 1.7 Dodging
 + Level 3.5 Stealth
 + Level 2.2 Unarmed Combat


You had 3 spell levels left.
You didn't know any spells.
Your spell library was empty.

Dungeon Overview and Level Annotations

Branches:
Dungeon (7/15)
 Temple: D:4-7

Altars:


Innate Abilities, Weirdness & Mutations

You are too large for most types of armour.
You have claws for hands.
Your natural rate of healing is unusually fast.
You are covered in fur. (AC +1)
You have extremely tough skin. (AC +3)


Message History

You are too injured to fight recklessly!
You are too injured to fight recklessly!
You are too injured to fight recklessly!
You are too injured to fight recklessly!
You are too injured to fight recklessly!
You are too injured to fight recklessly!
You are too injured to fight recklessly!
You are too injured to fight recklessly!
You are too injured to fight recklessly!
You are too injured to fight recklessly!
You are too injured to fight recklessly!
You are too injured to fight recklessly!
You are too injured to fight recklessly!
You are too injured to fight recklessly!
You are too injured to fight recklessly!
You are too injured to fight recklessly!
You are too injured to fight recklessly!
You are too injured to fight recklessly!
You are too injured to fight recklessly!
You are too injured to fight recklessly!
You closely miss the hornet zombie.
The hornet zombie is lightly damaged.
The hornet zombie closely misses you. The hornet zombie hits you!
* * * LOW HITPOINT WARNING * * *
You barely miss the hornet zombie.
The hornet zombie is lightly damaged.
The hornet zombie hits you.
* * * LOW HITPOINT WARNING * * *
You barely miss the hornet zombie.
The hornet zombie is lightly damaged.
The hornet zombie hits you!
* * * LOW HITPOINT WARNING * * *
You scratch the hornet zombie but do no damage.
The hornet zombie is lightly damaged.
The hornet zombie barely misses you.
You barely miss the hornet zombie.
The hornet zombie is lightly damaged.
The hornet zombie hits you but does no damage.
The hornet zombie hits you!
You die...

##....##.##.#.#
#.....##.##.#.####
##....##.).......#
##.#.#####.#.##.#
#.#.#####.#.# #
#.#.......#..
##'############
##...## #.^@..#
#...Z...#
#.........#
+.........+
#.........#
##.......##
##.....## ##...##


You could see a hornet zombie.

Vanquished Creatures
  An ogre (D:7)
  A leopard gecko (D:7)
2 creatures vanquished.

Notes
Turn   | Place    | Note
-------+----------+-------------------------------------------
     0 | D:5      | tabyourdongers the Troll Delver began the quest for the
                  | Orb.
     0 | D:5      | Reached XP level 1. HP: 22/22 MP: 0/0
    71 | D:6      | Noticed a phantom
    80 | D:7      | Noticed an ogre
    89 | D:7      | Killed an ogre
    90 | D:7      | Reached skill level 3 in Stealth
    90 | D:7      | Reached XP level 2. HP: 6/29 MP: 1/1
    90 | D:7      | Reached XP level 3. HP: 7/36 MP: 2/2
    90 | D:7      | Reached XP level 4. HP: 9/44 MP: 3/3
   196 | D:7      | HP: 1/44 [hornet zombie (9)]
   198 | D:7      | Mangled by a hornet zombie

Illustrated notes

Levels and vault maps discovered:
D:5:      layout_gridville, elyvilon_altar_3, basic_altar, bh_walls_and_bars,
          uniq_ijyb, uniq_sigmund
D:6:      layout_rooms, yredelemnul_altar_generic,
          minmay_temple_entry_mini_moons, serial_curves, eino_curves_02,
          eino_curves_01, ashenzari_altar_1, uniq_menkaure, uniq_eustachio,
          uniq_pikel, uniq_grinder
D:7:      layout_loops_corners

Skill      XL: |  1 |
---------------+----+-----
Stealth        | 3 |  3.5
Fighting       | |  2.7
Dodging        | |  1.7
Unarmed Combat | |  2.2

Action                   |  1- 3 |  4- 6 || total
-------------------------+-------+-------++-------
Melee: Unarmed           |     6 |    12 ||    18
Armor: Robe              |       |     2 ||     2
Dodge: Dodged            |     2 |     4 ||     6

Table legend: (Time is in decaauts)
 A = Elapsed time spent in this place.
 B = Non-inter-level travel time spent in this place.
 C = Inter-level travel time spent in this place.
 D = Time resting spent in this place.
 E = Time spent auto-exploring this place.
 F = Levels seen in this place.
 G = Mean time per level.
                   A        B        C        D        E       F      G
               +--------+--------+--------+--------+--------+-----+--------+
         Total |    196 |    191 |      5 |      0 |    154 |   3 |   65.3 |
       Dungeon |    196 |    191 |      5 |      0 |    154 |   3 |   65.3 |
               +--------+--------+--------+--------+--------+-----+--------+

Top non-repeatable levels by time:
     D:7: 121 daAuts
     D:6: 73 daAuts
     D:5: 1 daAuts
